 Dungeon Crawl Stone Soup version 0.25-a0-651-g8c222c7a2b (webtiles) character file.

Game seed: 9259655591806185811, levelgen mode: deterministic

805 Astera the Firebug (level 7, -1/40 HPs)
             Began as a Tengu Fire Elementalist on Mar 18, 2020.
             Was an Initiate of Wu Jian.
             Shot with an arrow by a centaur (12 damage)
             ... on level 6 of the Dungeon on Mar 22, 2020.
             The game lasted 00:58:33 (6097 turns).

Astera the Firebug (Tengu Fire Elementalist)        Turns: 6097, Time: 00:58:34

Health: -1/40      AC:  3    Str: 10    XL:     7   Next: 91%
Magic:  11/11      EV: 14    Int: 15    God:    Wu Jian [......]
Gold:   320        SH:  0    Dex: 15    Spells: 9/10 levels left

rFire    . . .     SeeInvis .   f - +1 falchion (vorpal)
rCold    . . .     Gourm    .   (no shield)
rNeg     . . .     Faith    .   a - +0 robe
rPois    .         Spirit   .   (helmet restricted)
rElec    .         Reflect  .   i - scarf {cloud immunity}
rCorr    .         Harm     .   p - +0 pair of gloves
MR       .....                  (boots unavailable)
Stlth    +++.......             (no amulet)
HPRegen  0.13/turn              (no ring)
MPRegen  0.12/turn              (no ring)

@: no status effects
A: beak, talons 3, able to fly
a: Fly, Renounce Religion


You were on level 6 of the Dungeon.
You worshipped Wu Jian.
Wu Jian was noncommittal.
You were hungry.

You visited 1 branch of the dungeon, and saw 6 of its levels.

You collected 320 gold pieces.

Inventory:

Hand Weapons
 f - a +1 vorpal falchion (weapon)
 j - a +2 spear of venom
Armour
 a - a +0 robe (worn)
 b - a +0 cloak
 i - a scarf of cloud immunity (worn)
 p - a +0 pair of gloves (worn)
Wands
 q - a wand of random effects (14)
 u - a wand of flame (18)
 v - a wand of iceblast (6)
Scrolls
 d - 4 scrolls of identify
 g - a scroll of immolation
 k - a scroll of blinking {unknown}
 m - a scroll of enchant weapon {unknown}
 r - 2 scrolls of random uselessness {unknown}
 t - 7 scrolls of teleportation
Potions
 e - a potion of lignification
 h - a potion of berserk rage
 l - a potion of stabbing
 n - a potion of heal wounds
 o - 2 potions of might
 s - 4 potions of curing {unknown}
 w - a potion of ambrosia {unknown}
 x - 2 potions of magic {unknown}
Comestibles
 c - 11 rations


   Skills:
 + Level 2.4 Fighting
 - Level 1.7 Polearms
 + Level 3.5 Armour
 + Level 4.2 Dodging
 + Level 4.2 Stealth
 - Level 2.0 Spellcasting
 + Level 4.6 Conjurations
 + Level 5.1 Fire Magic


You had 9 spell levels left.
You knew the following spells:

 Your Spells              Type           Power        Failure   Level  Hunger
a - Foxfire               Conj/Fire      ###.         3%          1    #......

Your spell library contained the following spells:

 Spells                   Type           Power        Failure   Level  Hunger
 Conjure Flame            Conj/Fire      ###.....     9%          3    ###....
 Beastly Appendage        Tmut           #.....       22%         1    #......
 Inner Flame              Hex/Fire       #.......     24%         3    ###....
 Sticky Flame             Conj/Fire      ###.....     30%         4    #####..
 Sticks to Snakes         Tmut           #.......     32%         2    ###....
 Spider Form              Tmut/Pois      #.........   54%         3    ###....
 Fireball                 Conj/Fire      ###.......   63%         5    ######.
 Ice Form                 Ice/Tmut       #.......     91%         4    #####..
 Blade Hands              Tmut           #.........   99%         5    ######.


Dungeon Overview and Level Annotations

Branches:
Dungeon (6/15)             Temple (0/1) D:6

Altars:
Ashenzari
Elyvilon
Okawaru
Sif Muna
Uskayaw
Wu Jian
Xom

Shops:
D:4 ?

Annotations:
D:5 2 transporters, paps's ghost, weakling DsGl


Innate Abilities, Weirdness & Mutations

You have a beak for a mouth.
You have claws for feet.
You can fly continuously.


Message History

The centaur hits you. The centaur hits you!
You barely miss the centaur.
The centaur is lightly wounded.
The centaur misses you.
You riposte.
You barely miss the centaur. You claw the centaur. You peck the centaur.
The centaur is moderately wounded.
The centaur misses you.
You completely miss the centaur.
The centaur is moderately wounded.
The centaur hits you! The centaur hits you.
* * * LOW HITPOINT WARNING * * *
You hit the centaur. You peck the centaur, but do no damage.
The centaur is moderately wounded.
The centaur completely misses you.
You riposte.
You hit the centaur but do no damage. Your peck misses the centaur.
The centaur is moderately wounded.
The centaur barely misses you.
The centaur wields a +0 shortbow.
The centaur shoots an arrow.
The arrow hits you!
You die...

##### . #
#...#####..#
#.###.#........#
#......@.c......
.#.#<...######.#
#...#.## ###.#.#
##... ..#.#
..###. .## .# .#
?#


You could see a centaur.

Vanquished Creatures
  An ice beast (D:5)
  An ogre (D:5)
  A bullfrog (D:6)
  A water moccasin zombie (D:6)
  A scorpion (D:5)
  A hound (D:4)
  An orc priest (D:6)
  2 bullfrog skeletons (D:5)
  An orc wizard (D:4)
  2 worker ants
  A hound skeleton (D:6)
  A worker ant zombie (D:5)
  Robin (D:3)
  7 adders
  A howler monkey skeleton (D:4)
  A shadow imp (D:5)
  An ooze (D:3)
  An adder skeleton (D:3)
  An adder zombie (D:4)
  5 worms
  4 dart slugs
  5 leopard geckos
  7 orcs
  7 bats
  2 giant cockroaches
  14 goblins
  9 hobgoblins
  4 jackals
  A quokka (D:2)
  A ball python (D:4)
  2 frilled lizards (D:2)
  3 kobolds
  A leopard gecko zombie (D:5)
  12 rats
104 creatures vanquished.

Vanquished Creatures (collateral kills)
  A centaur skeleton (D:5)
1 creature vanquished.

Vanquished Creatures (others)
  201 foxfires
201 creatures vanquished.

Grand Total: 306 creatures vanquished

Notes
Turn   | Place    | Note
-------+----------+-------------------------------------------
     0 | D:1      | Astera the Tengu Fire Elementalist began the quest for the
                  | Orb.
     0 | D:1      | Reached XP level 1. HP: 10/10 MP: 4/4
   200 | D:1      | Reached XP level 2. HP: 13/15 MP: 0/6
   447 | D:1      | Upgraded the game from 0.25-a0-617-g20d90ebb82 to
                  | 0.25-a0-632-g7713895373
   867 | D:1      | Reached XP level 3. HP: 19/19 MP: 5/7
   927 | D:1      | Reached skill level 1 in Armour
  1324 | D:2      | Found an iron altar of Okawaru.
  1588 | D:2      | Reached XP level 4. HP: 23/24 MP: 8/8
  1650 | D:2      | Reached skill level 1 in Polearms
  1735 | D:2      | Found a shattered altar of Ashenzari.
  1923 | D:3      | Reached skill level 4 in Fire Magic
  1968 | D:3      | Noticed Robin
  2103 | D:3      | Killed Robin
  2103 | D:3      | Gained mutation: You can fly continuously. [Tengu growth]
  2103 | D:3      | Reached XP level 5. HP: 27/28 MP: 3/9
  2781 | D:4      | Found Raokun's Magic Scroll Shop.
  2802 | D:4      | Found a hide-covered altar of Uskayaw.
  2804 | D:4      | Found an ornate altar of the Wu Jian Council.
  2807 | D:4      | Became a worshipper of the Wu Jian Council
  3035 | D:4      | Reached XP level 6. HP: 33/33 MP: 7/10
  3553 | D:5      | Entered Level 5 of the Dungeon
  3916 | D:5      | Reached skill level 1 in Fighting
  3944 | D:5      | Found a white marble altar of Elyvilon.
  3990 | D:5      | Found a shimmering altar of Xom.
  4430 | D:4      | Upgraded the game from 0.25-a0-632-g7713895373 to
                  | 0.25-a0-651-g8c222c7a2b
  4629 | D:5      | Noticed paps's ghost (weakling DsGl)
  4638 | D:5      | Found a transporter.
  4651 | D:5      | Found a transporter.
  5318 | D:5      | Reached XP level 7. HP: 39/39 MP: 4/11
  5382 | D:6      | Found a staircase to the Ecumenical Temple.
  5483 | D:6      | Reached skill level 5 in Fire Magic
  5766 | D:6      | Found a shimmering blue altar of Sif Muna.
  5891 | D:5      | HP: 2/40 [ice beast (14)]
  6097 | D:6      | Shot with an arrow by a centaur

Levels and vault maps discovered:
D:1:      onia_arrival_larder, layout_loops_ring, grunt_decor_one_mirror,
          minivault_5
D:2:      layout_basic, evilmike_ruin_ashenzari, kennysheep_okawaru_gauntlet
D:3:      layout_rooms, kennysheep_generic_room_10, uniq_robin
D:4:      layout_basic, overflow_temple_1_default, lemuel_crystal_altar,
          serial_shops, nicolae_shop_temple_entry_statues_fountains
D:5:      layout_loops_ring, lemuel_crystal_altar,
          nicolae_overflow_crystal_walls, first_ration,
          gammafunk_ghost_stat_death
D:6:      layout_loops_ring, lemuel_coloured_pillars_altar,
          minmay_temple_entry_proselytizer, serial_shops, kennysheep_mini,
          uniq_menkaure, uniq_prince_ribbit1

Skill      XL: |  1  2  3  4  5  6  7 |
---------------+----------------------+-----
Conjurations   | 2 3 4 |  4.6
Armour         | 1 2 3 |  3.5
Polearms       | 1 |  1.7
Fire Magic     | 4 5 |  5.1
Dodging        | 3 4 |  4.2
Stealth        | 3 4 |  4.2
Fighting       | 1 2 |  2.4
Spellcasting   | |  2.0

Action                   |  1- 3 |  4- 6 |  7- 9 || total
-------------------------+-------+-------+-------++-------
Melee: Unarmed           |    11 |       |       ||    11
       Kick              |     6 |    10 |    10 ||    26
       Peck              |     4 |    13 |    12 ||    29
       Spear             |    37 |    53 |       ||    90
       Falchion          |       |    23 |    43 ||    66
 Cast: Foxfire           |    55 |    88 |    14 ||   157
Invok: Lunge             |       |     1 |     1 ||     2
  Use: Scroll            |       |    10 |       ||    10
       Potion            |       |       |     1 ||     1
 Stab: Sleeping          |     2 |     1 |     3 ||     6
  Eat: Chunk             |     3 |     7 |     2 ||    12
       Ration            |       |     2 |       ||     2
Armor: Robe              |    16 |     9 |     8 ||    33
Dodge: Dodged            |    52 |    29 |    36 ||   117
       Rpst.: Falchion   |       |     6 |    11 ||    17

Table legend:
 A = Non-vault XP
 B = Vault XP
 C = Vault XP percentage of total XP
 D = Non-vault monster count
 E = Vault monster count
 F = Vault count percentage of total count
                 A         B        C        D         E       F
            +---------+---------+-------+---------+---------+-------
      Total |    1057 |      94 |   8.2 |      82 |      23 |  21.9
            +---------+---------+-------+---------+---------+-------
        D:1 |      56 |       8 |  12.5 |      22 |       7 |  24.1
        D:2 |      65 |       6 |   8.5 |      16 |       3 |  15.8
        D:3 |      34 |      39 |  53.4 |      11 |      12 |  52.2
        D:4 |     145 |       0 |   0.0 |      13 |       0 |   0.0
        D:5 |     491 |       0 |   0.0 |      13 |       0 |   0.0
        D:6 |     266 |      41 |  13.4 |       7 |       1 |  12.5
            +---------+---------+-------+---------+---------+-------
